 Dungeon Crawl Stone Soup version 0.29.1-1-gd02db6906a (webtiles) character file.

Game seed: 1292981898686796569

116 fireball365 the Chopper (level 4, 0/33 (40) HPs)
             Began as a Minotaur Fighter on Oct 19, 2022.
             Was an Initiate of Yredelemnul.
             Slain by an orc priest
             ... wielding a +2 flail of draining
              (6 damage)
             ... on level 3 of the Dungeon.
             The game lasted 00:09:38 (2447 turns).

fireball365 the Chopper (Minotaur Fighter)          Turns: 2447, Time: 00:09:38

HP:   0/33 (40)     AC:  8    Str: 20    XL:     4   Next: 69%
MP:   3/3           EV:  9    Int:  5    God:    Yredelemnul [......]
Gold: 133           SH:  5    Dex: 12    Spells: 3/3 levels left

rFire   . . .      SeeInvis .   a - +0 war axe
rCold   . . .      Faith    .   c - +0 buckler
rNeg    . . .      Spirit   .   b - +0 scale mail
rPois   .          Reflect  .   (helmet restricted)
rElec   .          Harm     .   p - +0 cloak
rCorr   .          Rampage  .   (no gloves)
Will    .....                   (no boots)
Stlth   ..........              (no amulet)
HPRegen 0.11/turn               k - ring of flight
MPRegen 0.08/turn               (no ring)

@: flying, heavily drained
A: horns 2, retaliatory headbutt
a: Renounce Religion, Recall Undead Harvest


You were on level 3 of the Dungeon.
You worshipped Yredelemnul.
Yredelemnul was noncommittal.
You visited 1 branch of the dungeon, and saw 3 of its levels.

You collected 133 gold pieces.

Inventory:

Hand Weapons
 a - a +0 war axe (weapon)
 o - a +4 quarterstaff of chaos
 q - a +0 hammer
Missiles
 g - 27 stones (quivered)
Armour
 b - a +0 scale mail (worn)
 c - a +0 buckler (worn)
 p - a +0 cloak (worn)
Jewellery
 i - an amulet of faith
 k - a ring of flight (left hand)
Scrolls
 e - 3 scrolls of identify
 f - a scroll of noise {unknown}
 j - a scroll of torment {unknown}
 r - a scroll of amnesia {unknown}
 s - 2 scrolls of teleportation
Potions
 d - a potion of might
 h - a potion of invisibility {unknown}
 l - a potion of magic {unknown}
 m - 2 potions of cancellation {unknown}
 n - a potion of lignification {unknown}


   Skills:
 + Level 4.1 Fighting
 * Level 4.7 Axes
 + Level 4.1 Armour
 + Level 0.1 Dodging
 + Level 0.4 Stealth
 + Level 4.0 Shields


You had 3 spell levels left.
You didn't know any spells.
Your spell library was empty.

Dungeon Overview and Level Annotations

Branches:
Dungeon (3/15)

Altars:
Yredelemnul


Innate Abilities, Weirdness & Mutations

You have a pair of horns on your head.
You reflexively headbutt those who attack you in melee.


Message History

Your endoplasm zombie hits the orc priest but does no damage.
The orc wizard mumbles some strange words.
The orc wizard flickers and vanishes!
Deactivating autopickup; reactivate with Ctrl-A.
The orc throws a boomerang.
The boomerang closely misses you.
The orc priest hits you but does no damage.
You feel drained.
Your endoplasm zombie barely misses the orc priest.
You closely miss something. You hit the orc priest.
You hear some strange, mumbled words.
Something tries to affect you, but you resist.
The orc priest hits you with a +2 flail of draining.
You feel drained.
Your endoplasm zombie hits the orc priest but does no damage.
Something hits you but does no damage.
The orc priest hits you with a +2 flail of draining!
You feel drained.
You closely miss something. You hit the orc priest. Something hits you.
The orc priest calls down the wrath of Beogh upon you.
You barely resist.
Your endoplasm zombie hits the orc priest but does no damage.
You hit something but do no damage. You hit the orc priest. Something hits you.
The orc throws a boomerang.
The boomerang barely misses you.
The orc priest hits you with a +2 flail of draining.
You feel drained.
Your endoplasm zombie closely misses the orc priest.
You closely miss something. You hit the orc priest. Something hits you.
The orc priest hits you with a +2 flail of draining!
* * * LOW HITPOINT WARNING * * *
You feel drained.
* * * LOW HITPOINT WARNING * * *
The orc throws a boomerang.
Your endoplasm zombie barely misses the orc priest.
An orc comes into view. It is wielding a +0 club.
The orc throws a boomerang.
You block the boomerang.
You hear some strange, mumbled words.
Something tries to affect you, but you resist.
The orc priest hits you with a +2 flail of draining.
You die...
Your body rises from the dead as a mindless zombie.

#### #... .o# #.#.
#{# #.#. #@# #.#.
#o## #.#. #.#Z##
#.#.
#.###)###########.#.
..# ##..............
##o #.####........#.
. #.# #.########. #
#.# #.# #. ## #.# #.


You could see an orc priest, 2 orcs and a friendly endoplasm zombie.

Vanquished Creatures
  Crazy Yiuf (D:2)
  Robin (D:2)
  3 worms (D:2)
  2 dart slugs (D:2)
  3 orcs (D:3)
  4 ball pythons
  A bat (D:1)
  5 endoplasms
  A giant cockroach (D:1)
  10 goblins (D:2)
  6 hobgoblins
  A quokka (D:1)
  2 frilled lizards
  4 kobolds
  3 rats
47 creatures vanquished.

Vanquished Creatures (collateral kills)
  An adder (D:2)
1 creature vanquished.

Vanquished Creatures (others)
  3 fungi (D:2)
3 creatures vanquished.

Grand Total: 51 creatures vanquished

Notes
Turn   | Place    | Note
-------+----------+-------------------------------------------
     0 | D:1      | fireball365 the Minotaur Fighter began the quest for the
                  | Orb.
     0 | D:1      | Reached XP level 1. HP: 19/19 MP: 0/0
     6 | D:1      | Noticed an imperial myrmidon
     6 | D:1      | Noticed a tyrant leech
     6 | D:1      | Noticed a basilisk
     7 | D:1      | Noticed a centaur warrior
   375 | D:1      | Reached XP level 2. HP: 26/27 MP: 1/1
  1191 | D:2      | Found a runed translucent door.
  1192 | D:2      | Noticed Crazy Yiuf
  1332 | D:2      | Found a faded altar of an unknown god.
  1333 | D:2      | Noticed Robin
  1337 | D:2      | Reached XP level 3. HP: 31/33 MP: 2/2
  1340 | D:2      | Killed Robin
  1368 | D:2      | Prayed at the altar of an unknown god.
  1368 | D:2      | Became a worshipper of Yredelemnul the Dark
  1368 | D:2      | Reached * piety under Yredelemnul
  1431 | D:2      | Reached XP level 4. HP: 29/40 MP: 3/3
  2056 | D:2      | Killed Crazy Yiuf
  2447 | D:3      | Slain by an orc priest

Illustrated notes

Levels and vault maps discovered:
D:1:      onia_arrival_zoo_common, layout_basic
D:2:      layout_loops_ring, hellmonk_ecumenical_altar_pennies_from_heaven,
          uniq_robin, uniq_crazy_yiuf_cottage
D:3:      layout_loops_ring

Skill      XL: |  1  2  3 |
---------------+----------+-----
Armour         | 4 |  4.1
Axes           | 3 4 |  4.7
Fighting       | 4 |  4.1
Shields        | 4 |  4.0
Dodging        | |  0.1
Stealth        | |  0.4

Action                   |  1- 3 |  4- 6 || total
-------------------------+-------+-------++-------
Melee: War axe           |    62 |    35 ||    97
       Headbutt          |     8 |     6 ||    14
  Use: Scroll            |     3 |       ||     3
       Potion            |     2 |       ||     2
 Stab: Distracted        |       |     1 ||     1
Armor: Scale mail        |    27 |    10 ||    37
Dodge: Dodged            |    32 |    13 ||    45
Block: Buckler           |    19 |     7 ||    26
